 Dungeon Crawl Stone Soup version 0.30-a0-618-gd6c86c23d0 (webtiles) character file.

Game seed: 18400142704646522537

429 acebull12 the Ruffian (level 6, -6/61 HPs)
             Began as a Troll Cinder Acolyte on Jan 10, 2023.
             Was a High Priest of Ignis.
             Mangled by Edmund
             ... wielding a +1 flail of holy wrath
              (7 damage)
             ... on level 4 of the Dungeon.
             The game lasted 00:04:14 (2472 turns).

acebull12 the Ruffian (Troll Cinder Acolyte)        Turns: 2472, Time: 00:04:15

Health: -6/61      AC: 12    Str: 25    XL:     6   Next: 66%
Magic:  6/6        EV:  9    Int: 10    God:    Ignis [*****.]
Gold:   272        SH:  0    Dex:  5    Spells: 7/7 levels left

rFire   + . .      SeeInvis .      - Unarmed
rCold   . . .      Faith    .    (no shield)
rNeg    . . .      Spirit   .    a - +0 robe
rPois   .          Reflect  .    (helmet restricted)
rElec   .          Harm     .    o - +0 cloak
rCorr   .          Rampage  .    (gloves unavailable)
Will    .....                    (boots unavailable)
Stlth   +                        (no amulet)
HPRegen 1.10/turn                (no ring)
MPRegen 0.10/turn                (no ring)

@: fiery-armoured
A: large, unfitting armour, claws 3, regeneration 1, shaggy fur 1, tough skin 1
a: Renounce Religion, Fiery Armour, Foxfire Swarm, Rising Flame


You were on level 4 of the Dungeon.
You worshipped Ignis.
Ignis was extremely pleased with you.
You visited 1 branch of the dungeon, and saw 4 of its levels.

You collected 272 gold pieces.

Inventory:

Missiles
 g - 24 stones (quivered)
Armour
 a - a +0 robe (worn)
 o - a +0 cloak (worn)
Scrolls
 b - 3 scrolls of identify {unknown}
 c - 2 scrolls of vulnerability {unknown}
 e - a scroll of blinking {unknown}
 f - a scroll of magic mapping {unknown}
 k - 3 scrolls of immolation {unknown}
 l - a scroll of noise {unknown}
 n - a scroll of fog {unknown}
Potions
 d - 2 potions of degeneration {unknown}
 h - 3 potions of haste {unknown}
 i - 2 potions of curing {unknown}
 j - 3 potions of flight {unknown}
 m - a potion of heal wounds {unknown}


   Skills:
 * Level 3.4 Fighting
 * Level 2.1 Dodging
 + Level 0.2 Stealth
 * Level 6.2 Unarmed Combat
 - Level 1.0 Spellcasting
 - Level 2.1 Fire Magic


You had 7 spell levels left.
You didn't know any spells.
Your spell library contained the following spells:

 Spells                   Type           Power      Damage    Failure   Level
 Scorch                   Fire           8%         2d5       22%         2


Dungeon Overview and Level Annotations

Branches:
Dungeon (4/15)
 Temple: D:4-7

Altars:
The Shining One

Shops:
D:1 =   D:4 =

Annotations:
D:4 Edmund


Innate Abilities, Weirdness & Mutations

You are too large for most types of armour.
You have claws for hands.
Your natural rate of healing is unusually fast.
You are covered in fur. (AC +1)
You have tough skin. (AC +1)


Message History

Edmund closely misses you. The goblin hits you but does no damage.
The goblin is burned by your cloak of flames.
You kill the goblin!
The orc hits you from afar with a +0 trident.
Your Unarmed Combat skill increases to level 6!
You are too injured to fight recklessly!
You are too injured to fight recklessly!
You are too injured to fight recklessly!
You are too injured to fight recklessly!
You are too injured to fight recklessly!
You closely miss Edmund.
Edmund is moderately wounded.
Edmund hits you with a +1 flail of holy wrath!
* * * LOW HITPOINT WARNING * * *
Edmund is burned by your cloak of flames.
Edmund is moderately wounded.
The orc barely misses you.
You claw the ogre!
The ogre is severely wounded.
The ogre hits you with a +0 giant club!
* * * LOW HITPOINT WARNING * * *
The ogre is burned by your cloak of flames.
The ogre is almost dead.
The orc hits you from afar with a +0 trident.
* * * LOW HITPOINT WARNING * * *
Edmund hits you with a +1 flail of holy wrath.
* * * LOW HITPOINT WARNING * * *
Edmund is burned by your cloak of flames.
Edmund is moderately wounded.
You scratch the ogre.
You kill the ogre!
Edmund hits you with a +1 flail of holy wrath!
* * * LOW HITPOINT WARNING * * *
Edmund is burned by your cloak of flames.
Edmund is heavily wounded.
The orc barely misses you.
Your Dodging skill increases to level 2!
Edmund attacks as you move away!
Edmund hits you with a +1 flail of holy wrath!
You die...

#.# #.# #.# #.#####
#.#...# #.#...#
####.#...###############
.....'..........)@>.....
######...#######@)o.....
#...# #))#####.. #####
#.... #.#... #.##..? #.
#!#( ## # .$.. .# .#...
.#


You could see Edmund and an orc.

Vanquished Creatures
  Eustachio (D:4)
  An ogre (D:4)
  An orc priest (D:4)
  2 iguanas
  5 adders
  2 dart slugs
  5 orcs
  3 ball pythons
  5 bats
  6 endoplasms
  3 giant cockroaches
  7 goblins
  6 hobgoblins
  6 jackals
  4 kobolds
  7 quokkas
  5 frilled lizards
  2 rats
71 creatures vanquished.

Vanquished Creatures (others)
  A fungus (D:3)
  3 toadstools (D:3)
4 creatures vanquished.

Grand Total: 75 creatures vanquished

Notes
Turn   | Place    | Note
-------+----------+-------------------------------------------
     0 | D:1      | acebull12 the Troll Cinder Acolyte began the quest for the
                  | Orb.
     0 | D:1      | Reached XP level 1. HP: 22/22 MP: 1/1
   140 | D:1      | Reached XP level 2. HP: 25/29 MP: 2/2
   562 | D:1      | Found Domit's Jewellery Emporium.
   683 | D:2      | Reached XP level 3. HP: 36/36 MP: 3/3
   903 | D:2      | Reached skill level 1 in Dodging
   964 | D:2      | Reached skill level 4 in Unarmed Combat
  1381 | D:3      | Reached XP level 4. HP: 36/44 MP: 4/4
  1519 | D:3      | Found a glowing golden altar of the Shining One.
  2269 | D:4      | Found Weza's Jewellery Shop.
  2330 | D:4      | Noticed Eustachio
  2335 | D:4      | Reached XP level 5. HP: 49/52 MP: 5/5
  2355 | D:4      | Killed Eustachio
  2356 | D:4      | Reached skill level 5 in Unarmed Combat
  2356 | D:4      | Reached XP level 6. HP: 49/61 MP: 6/6
  2455 | D:4      | Noticed Edmund
  2469 | D:4      | Reached skill level 6 in Unarmed Combat
  2471 | D:4      | HP: 1/61 [Edmund/+1 flail of holy wrath (8)]
  2472 | D:4      | Mangled by Edmund

Illustrated notes

Levels and vault maps discovered:
D:1:      wander_arrival_chamber, layout_rooms, serial_shops, shop,
          minmay_crystal_room
D:2:      layout_basic
D:3:      layout_basic, tso_metal_star, minmay_gold_behind_fungi
D:4:      layout_basic, serial_shops, nicolae_take_the_stairs, minmay_circle_x,
          uniq_eustachio, uniq_edmund

Skill      XL: |  1  2  3  4  5  6 |
---------------+-------------------+-----
Dodging        | 1 2 |  2.1
Unarmed Combat | 4 5 6 |  6.2
Fighting       | 3 |  3.4
Stealth        | |  0.2
Spellcasting   | |  1.0
Fire Magic     | |  2.1

Action                   |  1- 3 |  4- 6 || total
-------------------------+-------+-------++-------
Melee: Unarmed           |   123 |    73 ||   196
       Punch             |     1 |     1 ||     2
Invok: Fiery Armour      |       |     1 ||     1
Armor: Robe              |    50 |    37 ||    87
Dodge: Dodged            |    71 |    35 ||   106

Table legend: (Time is in decaauts)
 A = Elapsed time spent in this place.
 B = Non-inter-level travel time spent in this place.
 C = Inter-level travel time spent in this place.
 D = Time resting spent in this place.
 E = Time spent auto-exploring this place.
 F = Levels seen in this place.
 G = Mean time per level.
                   A        B        C        D        E       F      G
               +--------+--------+--------+--------+--------+-----+--------+
         Total |   2457 |   2297 |    160 |      0 |   1859 |   4 |  614.2 |
       Dungeon |   2457 |   2297 |    160 |      0 |   1859 |   4 |  614.2 |
               +--------+--------+--------+--------+--------+-----+--------+

Top non-repeatable levels by time:
     D:3: 951 daAuts
     D:1: 621 daAuts
     D:2: 507 daAuts
     D:4: 377 daAuts
